 Dungeon Crawl Stone Soup version 0.30.0-29-ga12c61a403 (webtiles) character file.

Game seed: 16749339421224971047

12806 monsoonserge the Skirmisher (level 11, -1/75 HPs)
             Began as a Merfolk Monk on June 18, 2023.
             Was an Elder of Hepliaklqana.
             Slain by a tengu warrior
             ... wielding a +3 battleaxe
              (9 damage)
             ... on level 10 of the Dungeon.
             The game lasted 00:39:54 (10086 turns).

monsoonserge the Skirmisher (Merfolk Monk)         Turns: 10086, Time: 00:39:55

Health: -1/75      AC: 10    Str: 12    XL:     11   Next: 99%
Magic:  11/11      EV: 14    Int: 10    God:    Hepliaklqana [****..]
Gold:   595        SH:  0    Dex: 20    Spells: 10/10 levels left

rFire   . . .        b - +4 shortbow (elec)
rCold   + . .        (shield currently unavailable)
rNeg    . . .        Q - +2 ring mail {rC+}
rPois   +            S - +0 helmet
rElec   .            (no cloak)
rCorr   .            I - +0 pair of gloves
SInv    .            (no boots)
Will    .....        R - amulet of regeneration Stlth
                     w - ring of poison resistance
HPRegen 1.12/turn    (no ring)
MPRegen 0.12/turn

%: no passive effects
@: confused, ambrosia-drunk
A: reduced essence, (nimble swimmer 2), mertail
a: Renounce Religion, Recall Ancestor, Ancestor Identity, Transference, Idealise


You were on level 10 of the Dungeon.
You worshipped Hepliaklqana.
Hepliaklqana was greatly pleased with you.
You visited 2 branches of the dungeon, and saw 11 of its levels.
You also visited: Ossuary.

You collected 595 gold pieces.

Inventory:

Hand Weapons
 a - a +4 scimitar of flaming
 b - a +4 shortbow of electrocution (weapon)
 F - a +4 heavy sling
 P - a +2 short sword of speed
 W - the +7 mace of Amorality {freeze, rN+ Will+ Int-4 SInv}
   (You found it on level 5 of the Dungeon)

   Int:       It affects your intelligence (-4).
   rN:        It protects you from negative energy.
   SInv:      It lets you see invisible.
   Will:      It increases your willpower.
Missiles
 j - 5 boomerangs of dispersal
 o - 28 poisoned darts
 E - 5 throwing nets
 H - 9 atropa-tipped darts
 M - 4 boomerangs
Armour
 g - a +0 chain mail of poison resistance
 G - an orb of light
 I - a +0 pair of gloves (worn)
 Q - a +2 ring mail of cold resistance (worn)
 S - a +0 helmet (worn)
 V - a +1 buckler of cold resistance
Magical Staves
 v - a staff of earth
Jewellery
 w - a ring of poison resistance (left hand)
 R - an amulet of regeneration (around neck)
 T - a ring of magical power
Wands
 d - a wand of flame (63)
 L - a wand of light (9)
 O - a wand of roots (3)
 U - a wand of digging (5)
Scrolls
 e - a scroll of acquirement {unknown}
 m - a scroll of brand weapon {unknown}
 n - 3 scrolls of immolation {unknown}
 p - 3 scrolls of fog {unknown}
 s - 2 scrolls of magic mapping {unknown}
 t - 9 scrolls of identify {unknown}
 x - 2 scrolls of amnesia {unknown}
 z - 6 scrolls of teleportation
 B - 5 scrolls of silence {unknown}
 C - a scroll of enchant weapon {unknown}
 D - a scroll of torment {unknown}
 J - a scroll of poison {unknown}
 K - a scroll of summoning {unknown}
 N - 2 scrolls of noise {unknown}
Potions
 c - 3 potions of ambrosia
 f - a potion of invisibility {unknown}
 h - 2 potions of attraction {unknown}
 i - a potion of magic {unknown}
 k - 5 potions of haste {unknown}
 l - 6 potions of brilliance {unknown}
 q - 5 potions of mutation {unknown}
 r - 2 potions of might
 u - 3 potions of flight {unknown}
 y - 6 potions of curing {unknown}
 A - 2 potions of lignification {unknown}


   Skills:
 + Level 7.2 Fighting
 + Level 4.2(5.1) Short Blades
 + Level 4.3(5.1) Long Blades
 * Level 12.4 Ranged Weapons
 * Level 6.0 Armour
 + Level 6.5 Dodging
 + Level 2.2 Stealth
 + Level 1.0 Evocations


You had 10 spell levels left.
You didn't know any spells.
Your spell library contained the following spells:

 Spells                   Type           Power      Damage    Failure   Level
 Slow                     Hex            0%         N/A       61%         1
 Sting                    Tmut/Pois      0%         1d3       61%         1
 Cigotuvi's Dreadful Rot  Necr/Pois/Air  0%         N/A       75%         2
 Poisonous Vapours        Pois/Air       0%         N/A       75%         2
 Sublimation of Blood     Necr           0%         N/A       75%         2
 Confusing Touch          Hex            0%         N/A       93%         3
 Hailstorm                Conj/Ice       0%         3d3       93%         3
 Vampiric Draining        Necr           0%         2d6       93%         3
 Dispel Undead            Necr           0%         3d6       100%        4
 Ice Form                 Ice/Tmut       0%         N/A       100%        4
 Olgreb's Toxic Radiance  Pois           0%         N/A       100%        4
 Petrify                  Tmut/Erth      0%         N/A       100%        4
 Irradiate                Conj/Tmut      0%         3d11      100%        5
 Death Channel            Necr           0%         N/A       100%        6
 Simulacrum               Ice/Necr       0%         N/A       100%        6


Dungeon Overview and Level Annotations

Branches:
Dungeon (10/15)            Temple (1/1) D:6            Lair (0/5) D:9
Ossuary (visited)
    Orc: D:9-12

Altars:
Ashenzari
Cheibriados
Dithmenos
Elyvilon
Fedhas
Gozag
Hepliaklqana
Kikubaaqudgha
Makhleb
Nemelex Xobeh
Okawaru
Qazlal
Ru
Sif Muna
Trog
Uskayaw
Vehumet
Wu Jian
Xom
Yredelemnul
Zin
The Shining One

Shops:
D:3 =   D:8 (


Innate Abilities, Weirdness & Mutations

Your life essence is reduced to manifest your ancestor. (-10% HP)
((You are very nimble when in or above water. (Stealth+, EV+, Speed+++)))
Your lower body shifts to a powerful aquatic tail in water.


Message History

The arrow completely misses the tengu warrior.
The tengu warrior shoots a bolt.
The bolt hits you but does no damage.
You shoot an arrow.
The arrow completely misses the tengu warrior.
The tengu warrior shoots a bolt.
The bolt closely misses you.
You shoot an arrow.
The arrow barely misses the tengu warrior.
The tengu warrior shoots a bolt.
The bolt hits you!!
You are too injured to fight recklessly!
Fire: b) +4 shortbow (elec)
Press: ? - help, Q - select action, (/) - cycle Shift-Dir - straight line, f/p - tengu warrior
Aim: a tengu warrior, wielding a +0 arbalest, wearing a +0 leather armour and quivering stones (severely wounded, 57% to hit)
You shoot an arrow. The arrow misses the tengu warrior.
Unknown command.
Fire: b) +4 shortbow (elec)
Press: ? - help, Q - select action, (/) - cycle Shift-Dir - straight line, f/p - tengu warrior
Aim: a tengu warrior, wielding a +0 arbalest, wearing a +0 leather armour and quivering stones (severely wounded, 57% to hit)
You shoot an arrow. The arrow misses the tengu warrior.
The tengu warrior unwields a +0 arbalest.
The tengu warrior wields a +3 battleaxe.
The tengu warrior hits you with a +3 battleaxe!
The tengu warrior misses you.
The tengu warrior claws you but does no damage.
Fire: b) +4 shortbow (elec)
Press: ? - help, Q - select action, (/) - cycle Shift-Dir - straight line, f/p - tengu warrior
Aim: a tengu warrior, wielding a +3 battleaxe, wearing a +0 leather armour and quivering stones (severely wounded, 57% to hit)
You shoot an arrow. The arrow hits the tengu warrior!
The tengu warrior is severely wounded.
The tengu warrior hits you with a +3 battleaxe!!
* * * LOW HITPOINT WARNING * * *
The tengu warrior pecks you but does no damage.
The tengu warrior claws you.
* * * LOW HITPOINT WARNING * * *
Press: ? - help, v - describe, . - travel
Here: a tengu warrior, wielding a +3 battleaxe, wearing a +0 leather armour and quivering stones (severely wounded)
The floor.
You are confused.
You feel invigorated.
The tengu warrior hits you with a +3 battleaxe!
You die...

# #<###### #..Q@..##
#.....###..############ #
#.......................#
#.
#.#####################.#
#.. #.# #.## #.###.# ####
#.## .....#....## #.##
#...#...... #...
#......... #...


You could see a tengu warrior.

Vanquished Creatures
  Josephine (D:10)
  Erica (D:10)
  A two-headed ogre (D:9)
  A tengu warrior (D:9)
  Amaemon (D:8)
  An ugly thing (D:9)
  An orange demon (D:8)
  2 komodo dragons (D:9)
  An unseen horror (D:10)
  A tengu conjurer (D:10)
  2 trolls
  Prince Ribbit (D:9)
  A hornet (D:8)
  Sigmund (D:3)
  A vampire (D:10)
  6 yaks
  4 wraiths (D:10)
  A wyvern (D:9)
  A basilisk (D:9)
  Grum (D:9)
  A water moccasin (D:6)
  Duvessa (D:6)
  A sky beast (D:8)
  3 ice beasts
  An orc warrior (D:8)
  A wolf (D:9)
  3 phantoms
  7 centaurs
  A kobold brigand (D:9)
  Blork the orc (D:6)
  2 bullfrogs
  A scorpion (D:6)
  2 gnoll sergeants
  7 water moccasin zombies (Ossuary)
  4 wights (D:9)
  2 killer bees (D:9)
  4 howler monkeys
  An electric eel (D:7)
  2 jellies
  3 orc priests
  A gnoll bouda (D:9)
  2 hounds
  Ijyb (D:4)
  Terence (D:3)
  3 iguanas
  5 orc wizards
  2 sleepcaps
  2 mummies (Ossuary)
  20 gnolls
  11 adders
  2 shadow imps (D:5)
  An ufetubus (D:5)
  5 adder zombies (Ossuary)
  2 worms (D:2)
  A dart slug (D:1)
  30 orcs
  2 ball pythons
  4 bats
  6 endoplasms
  5 giant cockroaches
  3 goblins
  4 hobgoblins
  4 jackals
  2 quokkas
  2 frilled lizards
  3 gnoll zombies (Ossuary)
  A goblin zombie (D:4)
  3 hobgoblin zombies (Ossuary)
  9 kobolds
  8 kobold zombies (Ossuary)
  3 orc zombies (Ossuary)
  A quokka zombie (D:4)
  5 rats
232 creatures vanquished.

Vanquished Creatures (collateral kills)
  A komodo dragon (D:9)
  A wyvern (D:9)
  3 yaks
  2 ice beasts
  A swamp drake (D:9)
  A wolf (D:9)
  Dowan (D:6)
  A killer bee (D:9)
  A howler monkey (D:10)
  A gnoll bouda (D:7)
  A jelly (D:6)
  2 orc wizards (D:6)
  4 gnolls
  5 orcs
  A kobold (D:9)
26 creatures vanquished.

Vanquished Creatures (others)
  6 knights
6 creatures vanquished.

Grand Total: 264 creatures vanquished

Notes
Turn   | Place    | Note
-------+----------+-------------------------------------------
     0 | D:1      | monsoonserge the Merfolk Monk began the quest for the Orb.
     0 | D:1      | Reached XP level 1. HP: 18/18 MP: 1/1
   268 | D:1      | Reached XP level 2. HP: 24/24 MP: 2/2
   687 | D:2      | Reached XP level 3. HP: 30/30 MP: 3/3
   858 | D:2      | Reached XP level 4. HP: 28/37 MP: 4/4
   950 | D:2      | Reached skill level 1 in Short Blades
  1402 | D:2      | Reached skill level 5 in Dodging
  1600 | D:3      | Noticed Terence
  1615 | D:3      | Killed Terence
  1616 | D:3      | Reached skill level 1 in Armour
  1616 | D:3      | Reached XP level 5. HP: 25/42 MP: 5/5
  1683 | D:3      | Found Wiret's Jewellery Boutique.
  1880 | D:3      | Noticed Sigmund
  1893 | D:3      | Killed Sigmund
  1894 | D:3      | Reached XP level 6. HP: 29/49 MP: 6/6
  2566 | D:4      | Found a sand-covered staircase.
  2598 | D:4      | Noticed Ijyb
  2612 | D:4      | Killed Ijyb
  2701 | Ossuary  | Entered an ossuary
  2733 | Ossuary  | Reached skill level 1 in Ranged Weapons
  2733 | Ossuary  | Reached XP level 7. HP: 37/55 MP: 7/7
  2932 | Ossuary  | Reached skill level 2 in Ranged Weapons
  3024 | Ossuary  | Reached skill level 3 in Ranged Weapons
  3281 | D:4      | Reached XP level 8. HP: 52/61 MP: 8/8
  3523 | D:4      | Reached skill level 1 in Stealth
  3528 | D:4      | Reached skill level 5 in Fighting
  3701 | D:4      | Reached skill level 4 in Ranged Weapons
  4006 | D:5      | Entered Level 5 of the Dungeon
  4547 | D:5      | Identified the +7 mace of Amorality {freeze, rN+ Will+
                  | Int-4 SInv}
  4672 | D:5      | Reached skill level 5 in Ranged Weapons
  4682 | D:5      | Identified the +2 spear "Unugeqib" {heavy, MP+9 Dex+3}
  5366 | D:6      | Found a staircase to the Ecumenical Temple.
  5369 | D:6      | Noticed Blork the orc
  5373 | D:6      | Killed Blork the orc
  5374 | D:6      | Reached skill level 6 in Ranged Weapons
  5374 | D:6      | Reached XP level 9. HP: 41/68 MP: 9/9
  5386 | Temple   | Entered the Ecumenical Temple
  5855 | Temple   | Became a worshipper of Hepliaklqana the Forgotten
  5855 | Temple   | Reached * piety under Hepliaklqana
  5855 | Temple   | Reached ** piety under Hepliaklqana
  5856 | Temple   | Remembered your ancestor Tawil as a knight
  6023 | D:6      | Noticed Duvessa
  6026 | D:6      | Killed Duvessa
  6029 | D:6      | Noticed Dowan
  6033 | D:6      | Killed Dowan
  6077 | D:6      | Found a sparkling altar of Nemelex Xobeh.
  6313 | D:6      | Reached skill level 7 in Ranged Weapons
  7194 | D:7      | Reached skill level 8 in Ranged Weapons
  7577 | D:8      | Reached XP level 10. HP: 68/68 MP: 10/10
  7616 | D:8      | Reached *** piety under Hepliaklqana
  7682 | D:8      | Found Gaxiv's Antique Weapon Shop.
  7787 | D:8      | Noticed Amaemon
  7790 | D:8      | Noticed an orange demon
  7813 | D:8      | Killed Amaemon
  7814 | D:8      | Reached skill level 9 in Ranged Weapons
  7815 | D:8      | Killed an orange demon
  7816 | D:8      | Reached skill level 1 in Evocations
  8123 | D:9      | Noticed a two-headed ogre
  8131 | D:9      | Killed a two-headed ogre
  8170 | D:9      | Noticed Prince Ribbit
  8180 | D:9      | Killed Prince Ribbit
  8488 | D:9      | Reached skill level 10 in Ranged Weapons
  8496 | D:9      | Reached skill level 5 in Armour
  8521 | D:9      | Reached XP level 11. HP: 73/73 MP: 11/11
  8525 | D:9      | Noticed Grum
  8534 | D:9      | Killed Grum
  8599 | D:9      | Reached **** piety under Hepliaklqana
  8606 | D:9      | Found an ancient bone altar of Kikubaaqudgha.
  9036 | D:9      | Reached skill level 11 in Ranged Weapons
  9074 | D:9      | Found a staircase to the Lair.
  9255 | D:10     | Entered Level 10 of the Dungeon
  9353 | D:10     | Noticed a tengu warrior
  9374 | D:9      | Killed a tengu warrior
  9491 | D:10     | Noticed Josephine
  9503 | D:10     | Killed Josephine
  9514 | D:10     | Reached skill level 12 in Ranged Weapons
  9627 | D:10     | Noticed a tengu warrior
  9630 | D:10     | Noticed a green ugly thing
  9687 | D:9      | Killed a green ugly thing
  9883 | D:10     | Noticed Erica
  9904 | D:10     | Killed Erica
 10085 | D:10     | HP: 3/75 [tengu warrior/+3 battleaxe (22)]
 10086 | D:10     | Slain by a tengu warrior

Illustrated notes

Levels and vault maps discovered:
D:1:      lordsloth_arrival_two_stooges, layout_loops_ring
D:2:      layout_basic, chequers_garden, corexii_item_surrounded_by_moat,
          kennysheep_generic_room_4
D:3:      layout_basic, serial_shops, nicolae_shop_crystal,
          kennysheep_small_spiral, uniq_sigmund, uniq_terence
D:4:      layout_gridville, enter_ossuary_4, uniq_ijyb
D:5:      layout_basic, grunt_ministairs_12, hangedman_decor_push,
          minmay_misc_feat_plants
D:6:      layout_basic, mainiacjoe_overflow_brackets, minmay_temple_entry_wispy,
          nrook_mini_vaults, uniq_duvessa, uniq_blork_the_orc
D:7:      layout_cave_pods, water_maze_lemuel
D:8:      layout_gridville, serial_shops, shop, nicolae_wwwww,
          roderic_roman_lattice, uniq_amaemon
D:9:      layout_long_grid, lemuel_round_altar, erik_lair_dragon,
          grunt_ministairs_5, uniq_grum, uniq_prince_ribbit1
D:10:     layout_cave_pods, minmay_the_grid_2x2 [minmay_the_grid_large_cup,
          minmay_the_grid_expand, minmay_the_grid_stretched_grid,
          minmay_the_grid_prize_big_room], uniq_josephine, uniq_erica
Temple:   mainiacjoe_temple_big_plus

Skill      XL: |  1  2  3  4  5  6  7  8  9 10 11 |
---------------+----------------------------------+-----
Long Blades    | 4 |  4.3
Fighting       | 4 5 6 7 |  7.2
Short Blades   | 1 3 4 |  4.2
Dodging        | 5 6 |  6.5
Armour         | 1 2 3 4 5 6 |  6.0
Ranged Weapons | 1 3 6 8 10 12 | 12.4
Stealth        | 1 2 |  2.2
Evocations     | 1 |  1.0

Action                     |  1- 3 |  4- 6 |  7- 9 | 10-12 || total
---------------------------+-------+-------+-------+-------++-------
  Melee: Falchion          |     9 |       |       |       ||     9
         Dagger            |    52 |   110 |       |       ||   162
         Punch             |       |     1 |       |       ||     1
         Shortbow          |       |       |     1 |     1 ||     2
   Fire: Shortbow          |       |    23 |   302 |   295 ||   620
 Invoke: Ancestor Life: Kn |       |       |     1 |       ||     1
  Evoke: Wand              |       |       |       |     3 ||     3
    Use: Potion            |       |       |       |     1 ||     1
 Armour: Scale mail        |    23 |    32 |     2 |       ||    57
         Leather armour    |       |       |     8 |       ||     8
         Ring mail         |       |       |    20 |    47 ||    67
  Dodge: Dodged            |    27 |    62 |   107 |    69 ||   265
